TOP OF THE 1ST |
---|
Penquannock Overrated Jeter batting - Pitching for Newark Bulldogs : LHP Will Jiménez | Pitching: LHP Will Jiménez | | Batting: RHB Gary Wyatt | 0-0: Ball 1-0: Called Strike 1-1: Swinging Strike 1-2: Strikes out swinging | Batting: RHB Alberto Campos | 0-0: Ball 1-0: Called Strike 1-1: Ground out 4-3 (Groundball, 4) | Batting: LHB Eric Powell | 0-0: Ball 1-0: Called Strike 1-1: Foul Ball, location: 2F 1-2: Fly out, F7 (Flyball, 7D) | Top of the 1st over - 0 runs, 0 hits, 0 errors, 0 left on base; Penquannock 0 - Newark 0 | BOTTOM OF THE 1ST |
---|
Newark Bulldogs batting - Pitching for Penquannock Overrated Jeter : LHP Héctor Díaz | Pitching: LHP Héctor Díaz | | Batting: RHB Dan McKay | 0-0: Ball 1-0: SINGLE (Line Drive, 34D) | Batting: RHB Norris Howard | 0-0: Swinging Strike 0-1: Foul Ball, location: 2F 0-2: Foul Ball, location: 2F 0-2: Foul Ball, location: 2F 0-2: Fly out, F7 (Line Drive, 7) | Batting: RHB Tony Long | 0-0: Hit by Pitch Dan McKay to second | Batting: LHB Gabriel Aragón | 0-0: Ball 1-0: Ball 2-0: Ball 3-0: Called Strike 3-1: Foul Ball, location: 2F 3-2: Fly out, F7 (Flyball, 7LM) | Batting: LHB Gerardo Guzmán | 0-0: Called Strike 0-1: Ball 1-1: Ball 2-1: Swinging Strike 2-2: Fly out, F7 (Flyball, 7) | Bottom of the 1st over - 0 runs, 1 hit, 0 errors, 2 left on base; Penquannock 0 - Newark 0 | TOP OF THE 2ND |
---|
Penquannock Overrated Jeter batting - Pitching for Newark Bulldogs : LHP Will Jiménez | Batting: SHB Tim Reid | 0-0: Fly out, F7 (Flyball, 78D) | Batting: SHB Cristián López | 0-0: TRIPLE (Line Drive, 8RXD) | Batting: SHB Francisco Ávila | 0-0: Foul Ball, location: 2F 0-1: Swinging Strike 0-2: Foul Ball, location: 2F 0-2: Foul Ball, location: 2F 0-2: Strikes out looking | Batting: LHB Félix Costa | 0-0: Ball 1-0: Ball 2-0: Ball 3-0: Called Strike 3-1: Base on Balls | Batting: RHB Phil Wright | 0-0: Ball 1-0: Called Strike 1-1: Ball 2-1: Ball 3-1: Called Strike 3-2: Fly out, F3 (Popup, 34S) | Top of the 2nd over - 0 runs, 1 hit, 0 errors, 2 left on base; Penquannock 0 - Newark 0 | BOTTOM OF THE 2ND |
---|
Newark Bulldogs batting - Pitching for Penquannock Overrated Jeter : LHP Héctor Díaz | Batting: LHB Jorge Hernández | 0-0: Foul Ball, location: 2F 0-1: Ball 1-1: Foul Ball, location: 2F 1-2: Ball 2-2: Ball 3-2: SINGLE (Groundball, 6MD) | Batting: RHB Jorge Flores | 0-0: Hit by Pitch Jorge Hernández to second | Batting: SHB Ismael Sánchez | 0-0: Ball 1-0: Ball 2-0: Called Strike 2-1: Foul Ball, location: 2F 2-2: Foul Ball, location: 2F 2-2: Strikes out swinging | Pitching: RHP Dustin Lynch | | Batting: LHB Ángel Tuzzi | 0-0: Ball 1-0: Called Strike 1-1: SINGLE (Line Drive, 7S) Jorge Hernández to third Jorge Flores to second Runner from 3rd tries for Home, SAFE, no throw | Batting: RHB Dan McKay | 0-0: Ball 1-0: Ball 2-0: Foul Ball, location: 2F 2-1: Called Strike 2-2: Strikes out looking | Batting: RHB Norris Howard | 0-0: Ball 1-0: Ball 2-0: Ball 3-0: Called Strike 3-1: Base on Balls Jorge Flores to third Ángel Tuzzi to second | Batting: RHB Tony Long | 0-0: Called Strike 0-1: Ball 1-1: Swinging Strike 1-2: Strikes out swinging | Bottom of the 2nd over - 1 run, 2 hits, 0 errors, 3 left on base; Penquannock 0 - Newark 1 | TOP OF THE 3RD |
---|
Penquannock Overrated Jeter batting - Pitching for Newark Bulldogs : LHP Will Jiménez | Batting: LHB Roberto Trujillo | 0-0: Foul Ball, location: 2F 0-1: Foul Ball, location: 2F 0-2: Foul Ball, location: 2F 0-2: Ball 1-2: Ground out U3 (Groundball, 3L) | Batting: RHB Gary Wyatt | 0-0: Swinging Strike 0-1: Called Strike 0-2: Strikes out swinging | Batting: RHB Alberto Campos | 0-0: Ground out 6-3 (Groundball, 6) | Top of the 3rd over - 0 runs, 0 hits, 0 errors, 0 left on base; Penquannock 0 - Newark 1 | BOTTOM OF THE 3RD |
---|
Newark Bulldogs batting - Pitching for Penquannock Overrated Jeter : RHP Dustin Lynch | Batting: LHB Gabriel Aragón | 0-0: Ball 1-0: Ball 2-0: Ball 3-0: Called Strike 3-1: Base on Balls | Batting: LHB Gerardo Guzmán | 0-0: Ball Wild Pitch! Gabriel Aragón to second 1-0: Foul Ball, location: 2F 1-1: SINGLE (Groundball, 4M) (infield hit) Gabriel Aragón to third | Batting: LHB Jorge Hernández | 0-0: Ball 1-0: Fielders Choice at 2nd, 6-4 (Groundball, 6M) Gabriel Aragón scores | Batting: RHB Jorge Flores | 0-0: Ball 1-0: Foul Ball, location: 2F 1-1: Called Strike 1-2: Strikes out swinging | Batting: SHB Ismael Sánchez | 0-0: Ball 1-0: Foul Ball, location: 2F 1-1: Ball Wild Pitch! Jorge Hernández to second 2-1: Called Strike 2-2: Ball 3-2: Foul Ball, location: 2F 3-2: Ground out 4-3 (Groundball, 34) | Bottom of the 3rd over - 1 run, 1 hit, 0 errors, 1 left on base; Penquannock 0 - Newark 2 | TOP OF THE 4TH |
---|
Penquannock Overrated Jeter batting - Pitching for Newark Bulldogs : LHP Will Jiménez | Batting: LHB Eric Powell | 0-0: Ball 1-0: Foul Ball, location: 2F 1-1: Foul Ball, location: 2F 1-2: Ball 2-2: Foul Ball, location: 2F 2-2: SOLO HOME RUN (Flyball, 9LD), Distance : 357 ft | Batting: SHB Tim Reid | 0-0: Ball 1-0: Called Strike 1-1: Foul Ball, location: 2F 1-2: Ball 2-2: Ground out 1-3 (Groundball, P) | Batting: SHB Cristián López | 0-0: Foul Ball, location: 2F 0-1: Ball 1-1: Swinging Strike 1-2: Foul Ball, location: 2F 1-2: Strikes out swinging | Batting: SHB Francisco Ávila | 0-0: Foul Ball, location: 2F 0-1: Ball 1-1: Ground out 6-3 (Groundball, 6) | Top of the 4th over - 1 run, 1 hit, 0 errors, 0 left on base; Penquannock 1 - Newark 2 | BOTTOM OF THE 4TH |
---|
Newark Bulldogs batting - Pitching for Penquannock Overrated Jeter : RHP Dustin Lynch | Batting: LHB Ángel Tuzzi | 0-0: Ball 1-0: Foul Ball, location: 2F 1-1: Ground out 4-3 (Groundball, 4) | Batting: RHB Dan McKay | 0-0: Called Strike 0-1: Foul Ball, location: 2F 0-2: Fly out, F7 (Flyball, 7S) | Batting: RHB Norris Howard | 0-0: Ball 1-0: Foul Ball, location: 2F 1-1: Swinging Strike 1-2: Ball 2-2: Strikes out swinging | Bottom of the 4th over - 0 runs, 0 hits, 0 errors, 0 left on base; Penquannock 1 - Newark 2 | TOP OF THE 5TH |
---|
Penquannock Overrated Jeter batting - Pitching for Newark Bulldogs : LHP Will Jiménez | Batting: LHB Félix Costa | 0-0: Ball 1-0: Foul Ball, location: 2F 1-1: Called Strike 1-2: Ball 2-2: Strikes out swinging | Batting: RHB Phil Wright | 0-0: Called Strike 0-1: Foul Ball, location: 2F 0-2: Ball 1-2: Foul Ball, location: 2F 1-2: Ball 2-2: Fly out, F5 (Flyball, 5D) | Batting: LHB Roberto Trujillo | 0-0: Called Strike 0-1: Ball 1-1: Called Strike 1-2: Strikes out swinging | Top of the 5th over - 0 runs, 0 hits, 0 errors, 0 left on base; Penquannock 1 - Newark 2 | BOTTOM OF THE 5TH |
---|
Newark Bulldogs batting - Pitching for Penquannock Overrated Jeter : RHP Dustin Lynch | Batting: RHB Tony Long | 0-0: Swinging Strike 0-1: Foul Ball, location: 2F 0-2: Strikes out swinging | Batting: LHB Gabriel Aragón | 0-0: Ball 1-0: Ball 2-0: Foul Ball, location: 2F 2-1: Swinging Strike 2-2: SOLO HOME RUN (Flyball, 89XD), Distance : 409 ft | Batting: LHB Gerardo Guzmán | 0-0: Called Strike 0-1: Called Strike 0-2: Ball 1-2: Foul Ball, location: 2F 1-2: SINGLE (Groundball, 34D) | Batting: LHB Jorge Hernández | 0-0: Ball 1-0: Called Strike 1-1: Foul Ball, location: 2F 1-2: Fly out, F7 (Flyball, 78D) | Batting: RHB Jorge Flores | 0-0: Called Strike 0-1: Foul Ball, location: 2F 0-2: Ball 1-2: SINGLE (Groundball, 4MS) (infield hit) Gerardo Guzmán to second | Batting: SHB Ismael Sánchez | 0-0: Foul Ball, location: 2F 0-1: Ball 1-1: Fly out, F9 (Flyball, 89M) | Bottom of the 5th over - 1 run, 3 hits, 0 errors, 2 left on base; Penquannock 1 - Newark 3 | TOP OF THE 6TH |
---|
Penquannock Overrated Jeter batting - Pitching for Newark Bulldogs : LHP Will Jiménez | Batting: RHB Gary Wyatt | 0-0: Ball 1-0: Ball 2-0: Ball 3-0: Called Strike 3-1: Ground out 4-3 (Groundball, 4M) | Batting: RHB Alberto Campos | 0-0: Ball 1-0: Foul Ball, location: 2F 1-1: Foul Ball, location: 2F 1-2: Strikes out looking | Batting: LHB Eric Powell | 0-0: Swinging Strike 0-1: Fly out, F8 (Flyball, 89M) | Top of the 6th over - 0 runs, 0 hits, 0 errors, 0 left on base; Penquannock 1 - Newark 3 | BOTTOM OF THE 6TH |
---|
Newark Bulldogs batting - Pitching for Penquannock Overrated Jeter : RHP Dustin Lynch | Batting: LHB Ángel Tuzzi | 0-0: Called Strike 0-1: Fly out, F7 (Flyball, 7S) | Pitching: RHP Ramiro Vargas | | Batting: RHB Dan McKay | 0-0: Swinging Strike 0-1: Foul Ball, location: 2F 0-2: Foul Ball, location: 2F 0-2: Ball 1-2: Strikes out swinging | Batting: RHB Norris Howard | 0-0: Ball 1-0: Foul Ball, location: 2F 1-1: Called Strike 1-2: Foul Ball, location: 2F 1-2: Foul Ball, location: 2F 1-2: Ball 2-2: Ball 3-2: Strikes out swinging | Bottom of the 6th over - 0 runs, 0 hits, 0 errors, 0 left on base; Penquannock 1 - Newark 3 | TOP OF THE 7TH |
---|
Penquannock Overrated Jeter batting - Pitching for Newark Bulldogs : LHP Will Jiménez | Batting: SHB Tim Reid | 0-0: Foul Ball, location: 2F 0-1: Foul Ball, location: 2F 0-2: Ball 1-2: Foul Ball, location: 2F 1-2: SOLO HOME RUN (Flyball, 8LXD), Distance : 422 ft | Batting: SHB Cristián López | 0-0: Called Strike 0-1: Swinging Strike 0-2: Strikes out swinging | Batting: SHB Francisco Ávila | 0-0: Called Strike 0-1: Called Strike 0-2: Foul Ball, location: 2F 0-2: Strikes out swinging | Batting: LHB Félix Costa | 0-0: Called Strike 0-1: Ball 1-1: Ground out U3 (Groundball, 3L) | Top of the 7th over - 1 run, 1 hit, 0 errors, 0 left on base; Penquannock 2 - Newark 3 | BOTTOM OF THE 7TH |
---|
Newark Bulldogs batting - Pitching for Penquannock Overrated Jeter : RHP Ramiro Vargas | Batting: RHB Tony Long | 0-0: Ball 1-0: Called Strike 1-1: Ball 2-1: Foul Ball, location: 2F 2-2: Strikes out looking | Batting: LHB Gabriel Aragón | 0-0: Called Strike 0-1: Ball 1-1: Called Strike 1-2: Ball 2-2: Ball 3-2: Base on Balls | Batting: LHB Gerardo Guzmán | 0-0: Foul Ball, location: 2F 0-1: Ball 1-1: Ball 2-1: Foul Ball, location: 2F 2-2: SINGLE (Groundball, 25) (infield hit) Gabriel Aragón to second | Batting: LHB Jorge Hernández | 0-0: Called Strike 0-1: Called Strike 0-2: Strikes out looking | Batting: RHB Jorge Flores | 0-0: Called Strike 0-1: Fly out, F7 (Flyball, 7LS) | Bottom of the 7th over - 0 runs, 1 hit, 0 errors, 2 left on base; Penquannock 2 - Newark 3 | TOP OF THE 8TH |
---|
Penquannock Overrated Jeter batting - Pitching for Newark Bulldogs : LHP Will Jiménez | Pitching: RHP Bart Brown | | Batting: RHB Phil Wright | 0-0: Swinging Strike 0-1: Called Strike 0-2: Foul Ball, location: 2F 0-2: Ground out 5-3 (Groundball, 56S) | Pitching: LHP Josh Wall | | Batting: LHB Roberto Trujillo | 0-0: Foul Ball, location: 2F 0-1: Hit by Pitch | Pitching: RHP Denver Gallegos | | Pinch Hitting: LHB Matt Reese | 0-0: Called Strike 0-1: Fly out, F6 (Flyball, 56D) | Batting: RHB Alberto Campos | 0-0: Ball 1-0: Called Strike 1-1: Foul Ball, location: 2F 1-2: Ball 2-2: Foul Ball, location: 2F 2-2: Ground out 2-3 (Groundball, 2R) | Top of the 8th over - 0 runs, 0 hits, 0 errors, 1 left on base; Penquannock 2 - Newark 3 | BOTTOM OF THE 8TH |
---|
Newark Bulldogs batting - Pitching for Penquannock Overrated Jeter : RHP Ramiro Vargas | Now at 3B: Theodore Burns | | Batting: SHB Ismael Sánchez | 0-0: Ball 1-0: Ground out 6-3 (Groundball, 6) | Batting: LHB Ángel Tuzzi | 0-0: Ball 1-0: Foul Ball, location: 2F 1-1: Swinging Strike 1-2: Ball 2-2: Strikes out looking | Batting: RHB Dan McKay | 0-0: Swinging Strike 0-1: Called Strike 0-2: Foul Ball, location: 2F 0-2: Ball 1-2: Strikes out swinging | Bottom of the 8th over - 0 runs, 0 hits, 0 errors, 0 left on base; Penquannock 2 - Newark 3 | TOP OF THE 9TH |
---|
Penquannock Overrated Jeter batting - Pitching for Newark Bulldogs : RHP Denver Gallegos | Pitching: RHP Fernando Silva | | Batting: LHB Eric Powell | 0-0: Ball 1-0: Called Strike 1-1: Ball 2-1: Ball 3-1: Foul Ball, location: 2F 3-2: Ground out 4-3 (Groundball, 34D) | Batting: SHB Tim Reid | 0-0: Ground out 6-3 (Groundball, 6) | Batting: SHB Cristián López | 0-0: Ball 1-0: Called Strike 1-1: SINGLE (Line Drive, 7S) | Batting: SHB Francisco Ávila | 0-0: Ball 1-0: SINGLE (Groundball, 34D) Cristián López to second Runner from 2nd tries for 3rd, OUT! | Top of the 9th over - 0 runs, 2 hits, 0 errors, 1 left on base; Penquannock 2 - Newark 3 | |